 Dungeon Crawl Stone Soup version 0.29.0-15-g675c0067aa (webtiles) character file.

Game seed: 1766332639102730130

234 zxpr0jk the Chiller (level 5, 0/57 HPs)
             Began as a Draconian Ice Elementalist on Sept 11, 2022.
             Slain by Edmund
             ... wielding a +2 dire flail of protection
              (3 damage)
             ... on level 4 of the Dungeon.
             The game lasted 00:14:01 (2913 turns).

zxpr0jk the Chiller (Draconian Ice Elementalist)    Turns: 2913, Time: 00:14:02

Health: 0/57       AC: 29    Str: 10    XL:     5   Next: 75%
Magic:  7/10       EV:  2    Int: 15    God:
Gold:   168        SH:  0    Dex: 14    Spells: 5/11 levels left

rFire   . . .      SeeInvis .   b - +0 rapier
rCold   . . .      Faith    .   (no shield)
rNeg    + . .      Spirit   .   (body armour unavailable)
rPois   +          Reflect  .   (helmet currently unavailable)
rElec   .          Harm     .   (cloak currently unavailable)
rCorr   .          Rampage  .   (gloves currently unavailable)
Will    .....      NoTele   +   (boots currently unavailable)
Stlth   ++........              (no amulet)
HPRegen 0.19/turn               f - ring of positive energy
MPRegen 0.12/turn               q - ring of flight

@: ice-armoured, tree-form
A: stationary, stasis, torment immunity, boosted hp, AC +5, unfitting armour,
(cold-blooded)
a: no special abilities


You were on level 4 of the Dungeon.
You were a tree.
You visited 1 branch of the dungeon, and saw 4 of its levels.
You also visited: Ossuary.

You collected 168 gold pieces.

Inventory:

Hand Weapons
 b - a +0 rapier (weapon)
 s - a +0 war axe
Missiles
 j - 13 stones (quivered)
Armour
 h - a +1 pair of gloves (melded)
Jewellery
 f - a ring of positive energy (left branch)
 q - a ring of flight (right branch)
Wands
 n - a wand of charming (10)
 r - a wand of flame (17)
Scrolls
 e - a scroll of acquirement {unknown}
 l - 2 scrolls of torment
Potions
 c - a potion of mutation {unknown}
 d - a potion of attraction {unknown}
 g - a potion of haste
 i - a potion of degeneration {unknown}
 m - a potion of invisibility {unknown}


   Skills:
 - Level 1.7 Dodging
 - Level 1.7 Stealth
 + Level 3.5 Spellcasting
 * Level 6.2 Ice Magic


You had 5 spell levels left.
You knew the following spells:

 Your Spells              Type           Power      Damage    Failure   Level
a - Freeze                Ice            84%        1d10      1%          1
b - Ozocubu's Armour      Ice            21%        N/A       4%          3
c - Blink                 Tloc           4%         N/A       28%         2

Your spell library contained the following spells:

 Spells                   Type           Power      Damage    Failure   Level
 Frozen Ramparts          Ice            42%        1d7       4%          3
 Hailstorm                Conj/Ice       12%        3d5       45%         4
 Lesser Beckoning         Tloc           2%         N/A       50%         3
 Manifold Assault         Tloc           2%         N/A       99%         5


Dungeon Overview and Level Annotations

Branches:
Dungeon (4/15)            Ossuary (visited)
 Temple: D:4-7

Altars:

Shops:
D:3 [

Annotations:
D:3 1 runed translucent door, RascalDebosk's ghost, amateur MiBe
D:4 1 runed translucent door, Edmund


Innate Abilities, Weirdness & Mutations

You are a tree.
Your roots penetrate the ground, keeping you stationary.
You cannot be teleported.
You are immune to unholy pain and torment.
Your maximum health is greatly increased.
Your equipment is partially melded.
((Your plain brown scales are hard. (AC +5)))
You cannot fit into any form of body armour.
((You are cold-blooded and may be slowed by cold attacks.))


Message History

Okay, then.
Really read the scroll of poison?
The air fills with toxic fumes!
As you read the scroll of poison, it crumbles to dust.
The sentinel's mark upon you fades away.
The orc priest hits you but does no damage.
Edmund hits you but does no damage.
You hit the orc priest.
The orc priest is moderately wounded.
The orc priest completely misses you.
Edmund hits you with a +2 dire flail of protection!
Unknown command.
Casting: Freeze (safe; 1% risk of failure)
Confirm with . or Enter, or press ? or * to list all spells.
Aiming: Freeze (safe; 1% risk of failure)
Press: ? - help, Shift-Dir - straight line, f - orc priest
Aim: an orc priest, wielding a +0 hand axe (moderately wounded)
You freeze the orc priest!
You kill the orc priest!
Edmund hits you with a +2 dire flail of protection.
* * * LOW HITPOINT WARNING * * *
Okay, then.
Okay, then.
Aiming: Throw Flame
Press: ? - help, Shift-Dir - straight line, f - Edmund
Aim: Edmund, wielding a +2 dire flail of protection and wearing a +0 leather armour (68% to hit)
The puff of flame hits Edmund.
Edmund is lightly wounded.
Edmund hits you with a +2 dire flail of protection.
* * * LOW HITPOINT WARNING * * *
Unknown command.
It was a potion of lignification.
You turn into a tree.
Your +1 pair of gloves melds into your body.
Your roots penetrate the ground.
Edmund hits you with a +2 dire flail of protection!
* * * LOW HITPOINT WARNING * * *
You hit Edmund but do no damage.
Edmund is lightly wounded.
Edmund hits you with a +2 dire flail of protection.
You die...

#........#†# # ##
#........#.# .#
#........#.####.#
#####.####......# #☼#
#####..# .#####§########..#
...☼☼§☼§o☼☼§......#
..#####☼§@)#####.#####+++##
####♣# #........... #§§8#
#####.##.#.. #§§☼#.
#.##.... #☼☼§#..# #.####.#
#§§§#..#8 #.####.#
#§§§#..##. #.##...#
#§§§#.#. #.>..### #§§§+.#..
#.#### #.#


You could see Edmund and an orc.

Vanquished Creatures
  A hound (D:4)
  An orc priest (D:4)
  An iguana (D:3)
  A gnoll (D:3)
  6 adders
  A dart slug (D:2)
  3 orcs (D:4)
  8 ball pythons
  5 endoplasms
  6 giant cockroaches
  4 goblins (D:1)
  6 hobgoblins
  4 jackals (D:1)
  10 kobolds
  4 quokkas
  4 bats
  6 frilled lizards
  7 rats
78 creatures vanquished.

Vanquished Creatures (others)
  14 toadstools (D:1)
14 creatures vanquished.

Grand Total: 92 creatures vanquished

Notes
Turn   | Place    | Note
-------+----------+-------------------------------------------
     0 | D:1      | zxpr0jk the Draconian Ice Elementalist began the quest for
                  | the Orb.
     0 | D:1      | Reached XP level 1. HP: 14/14 MP: 3/3
    36 | D:1      | Found a faded altar of an unknown god.
   315 | D:1      | Reached XP level 2. HP: 20/20 MP: 1/5
  1031 | D:1      | Reached XP level 3. HP: 26/26 MP: 4/6
  1335 | D:2      | Noticed a necrophage
  1470 | D:2      | Reached skill level 5 in Ice Magic
  1808 | D:2      | Reached XP level 4. HP: 33/33 MP: 5/8
  2122 | D:3      | Learned a level 3 spell: Ozocubu's Armour
  2125 | D:3      | Learned a level 2 spell: Blink
  2132 | D:3      | Found Qopem's Antique Armour Emporium.
  2626 | D:3      | Found a runed translucent door.
  2626 | D:3      | Noticed a bullfrog
  2630 | D:3      | Noticed RascalDebosk's ghost (amateur MiBe)
  2670 | D:3      | Reached XP level 5. HP: 38/38 MP: 1/9
  2699 | D:4      | Noticed Edmund
  2832 | D:4      | Reached skill level 6 in Ice Magic
  2834 | D:4      | Found a sand-covered staircase.
  2848 | Ossuary  | Entered an ossuary
  2895 | D:4      | Found a runed translucent gate.
  2913 | D:4      | Slain by Edmund

Illustrated notes

Levels and vault maps discovered:
D:1:      nagdon_arrival_zigzag_paths, layout_basic,
          ebering_ecumenical_altar_hall, st_stairs_5
D:2:      minmay_angry_zag, layout_basic, serial_forest,
          infiniplex_forest_zigzag_1, infiniplex_forest_end_1,
          infiniplex_forest_lined_room_3, infiniplex_forest_lined_4_way,
          infiniplex_forest_zigzag_1, infiniplex_forest_lined_room_2,
          infiniplex_forest_lined_room_2, minmay_pentomino_p2
D:3:      layout_basic, nicolae_overflow_ecumenical_swirl,
          ebering_ghost_sewer_d, serial_shops, nicolae_shop_crystal,
          dk_noncrumbling_2
D:4:      cheibrodos_fertilizer, layout_basic, biasface_ghost_orc_armoury,
          nicolae_ossuary_entry_monument, kennysheep_small_spiral,
          palyth_stone_intersect, uniq_edmund

Skill      XL: |  1  2  3  4  5 |
---------------+----------------+-----
Ice Magic      | 5 6 |  6.2
Spellcasting   | 3 |  3.5
Dodging        | |  1.7
Stealth        | |  1.7

Action                   |  1- 3 |  4- 6 || total
-------------------------+-------+-------++-------
Melee: Unarmed           |    21 |       ||    21
       Tailslap          |     4 |     6 ||    10
       Short sword       |    49 |    55 ||   104
       Rapier            |       |    34 ||    34
       Punch             |       |     2 ||     2
Throw: Stone             |    10 |       ||    10
 Cast: Freeze            |    38 |    33 ||    71
       Ozocubu's Armour  |       |     2 ||     2
Evoke: Wand              |       |     1 ||     1
  Use: Scroll            |       |     7 ||     7
       Potion            |       |     4 ||     4
 Stab: Sleeping          |     3 |     2 ||     5
Armor: Skin              |    32 |    53 ||    85
Dodge: Dodged            |    75 |    98 ||   173
